 Dungeon Crawl Stone Soup version 0.29-a0-275-g389c0b56f3 (webtiles) character file.

Game seed: 2113636576203213797

3110 epen the Carver (level 9, -34/74 HPs)
             Began as a Gnoll Cinder Acolyte on Mar 11, 2022.
             Was an Initiate of Ignis.
             Annihilated by a boulder beetle (55 damage)
             ... on level 7 of the Dungeon.
             The game lasted 00:11:12 (9067 turns).

epen the Carver (Gnoll Cinder Acolyte)              Turns: 9067, Time: 00:11:14

Health: -34/74     AC:  7    Str: 14    XL:     9   Next: 91%
Magic:  5/17       EV: 17    Int: 13    God:    Ignis [......]
Gold:   292        SH:  0    Dex: 12    Spells: 17/19 levels left

rFire   + . .      SeeInvis .   m - +4 dagger (speed)
rCold   . . .      Faith    .   (no shield)
rNeg    . . .      Spirit   .   C - +1 steam dragon scales
rPois   +          Reflect  .   (no helmet)
rElec   .          Harm     .   (no cloak)
rCorr   .          Rampage  .   (no gloves)
Will    .....                   (no boots)
Stlth   +++.......              (no amulet)
HPRegen 0.22/turn               k - +4 ring of evasion
MPRegen 0.15/turn               p - ring of poison resistance

@: no status effects
A: fangs 1, strong nose, distributed training
a: Renounce Religion


You were on level 7 of the Dungeon.
You worshipped Ignis.
Ignis was noncommittal.
You visited 1 branch of the dungeon, and saw 8 of its levels.

You collected 292 gold pieces.

Inventory:

Hand Weapons
 a - a -1 falchion of flaming
 m - a +4 dagger of speed (weapon)
 B - a +0 broad axe of flaming
Armour
 b - a +0 robe
 n - the +0 robe "Hurhom" {rCorr Int+6 Slay-2}
   (You found it on level 5 of the Dungeon)

   Int:       It affects your intelligence (+6).
   Slay:      It affects your accuracy & damage with ranged weapons and melee
   (-2).
   rCorr:     It protects you from acid and corrosion.
 t - the +0 robe of the Shore {Drain rN+ Will+ Archmagi}
   (You found it on level 5 of the Dungeon)

   rN:        It protects you from negative energy.
   Drain:     It drains your maximum health when unequipped.
   Archmagi:  It increases the power of your magical spells.
   Will:      It increases your willpower.
 C - +1 steam dragon scales (worn)
Jewellery
 k - a +4 ring of evasion (left hand)
 p - a ring of poison resistance (right hand)
 y - a ring of willpower
Wands
 o - a wand of iceblast (10)
 v - a wand of flame (16)
 A - a wand of polymorph (8)
Scrolls
 c - a scroll of teleportation
 e - 3 scrolls of blinking
 q - 4 scrolls of amnesia
 w - 2 scrolls of enchant weapon
Potions
 d - a potion of magic {unknown}
 f - 2 potions of attraction
 g - 2 potions of heal wounds
 h - 6 potions of mutation
 i - a potion of lignification {unknown}
 j - a potion of resistance {unknown}
 s - 2 potions of curing {unknown}
 u - 2 potions of degeneration
 x - a potion of berserk rage {unknown}


   Skills:
 + Level 8.1 Fighting
 + Level 4.7 Short Blades
 + Level 8.1 Long Blades
 + Level 4.7 Axes
 + Level 4.7 Maces & Flails
 + Level 4.7 Polearms
 + Level 4.7 Staves
 + Level 4.7 Slings
 + Level 4.7 Bows
 + Level 4.7 Crossbows
 + Level 4.7 Throwing
 + Level 4.7 Armour
 + Level 4.7 Dodging
 + Level 4.7 Stealth
 + Level 4.7 Shields
 + Level 4.7 Unarmed Combat
 + Level 5.5 Spellcasting
 + Level 3.9 Conjurations
 + Level 3.9 Hexes
 + Level 3.9 Summonings
 + Level 3.9 Necromancy
 + Level 3.9 Translocations
 + Level 3.9 Transmutations
 + Level 6.8 Fire Magic
 + Level 3.9 Ice Magic
 + Level 3.9 Air Magic
 + Level 3.9 Earth Magic
 + Level 3.9 Poison Magic
 + Level 5.1 Invocations
 + Level 4.7 Evocations


You had 17 spell levels left.
You knew the following spells:

 Your Spells              Type           Power      Damage    Failure   Level
a - Scorch                Fire           42%        2d7       1%          2

Your spell library contained the following spells:

 Spells                   Type           Power      Damage    Failure   Level
 Dazzling Flash           Conj/Hex       26%        N/A       11%         3
 Tukima's Dance           Hex            13%        N/A       11%         3
 Anguish                  Hex/Necr       6%         N/A       34%         4
 Iskenderun's Mystic Bla  Conj/Tloc      13%        2d5       34%         4
 Starburst                Conj/Fire      8%         6d4       97%         6
 Enfeeble                 Hex            6%         N/A       100%        7


Dungeon Overview and Level Annotations

Branches:
Dungeon (8/15)             Temple (0/1) D:7            Lair (0/6) D:8

Altars:
Ashenzari
Ru
Trog
Uskayaw
Zin

Shops:
D:5 *


Innate Abilities, Weirdness & Mutations

You have very sharp teeth.
Your uncanny sense of smell can sniff out nearby items.
Your experience applies equally to all skills.


Message History

Casting: Scorch (safe; 1% risk of failure)
Confirm with . or Enter, or press ? or * to list all spells.
Flames lash the boulder beetle.
The boulder beetle is burned terribly!
The boulder beetle is heavily wounded.
Your water moccasin bites the boulder beetle.
The boulder beetle leaps!
Your water moccasin bites the boulder beetle!
The boulder beetle is poisoned.
Your water moccasin poisons the boulder beetle!
The boulder beetle curls into a ball and begins rolling!
Your water moccasin bites the boulder beetle but does no damage.
Your water moccasin barely misses the boulder beetle.
You feel much better. The boulder beetle hits you.
The boulder beetle stops rolling and uncurls.
Your water moccasin bites the boulder beetle but does no damage.
You hit the boulder beetle.
The boulder beetle is severely wounded.
The boulder beetle bites you!!
* * * LOW HITPOINT WARNING * * *
Your water moccasin bites the boulder beetle.
You hit the boulder beetle but do no damage.
The boulder beetle is severely wounded.
Your water moccasin barely misses the boulder beetle.
The boulder beetle leaps!
You see here a black bear skeleton.
You start resting.
A boulder beetle is nearby!
The boulder beetle curls into a ball and begins rolling!
Your water moccasin barely misses the boulder beetle.
Casting: Scorch (safe; 1% risk of failure)
Confirm with . or Enter, or press ? or * to list all spells.
Flames lash the boulder beetle but do no damage.
Your water moccasin bites the boulder beetle but does no damage.
Casting: Scorch (safe; 1% risk of failure)
Confirm with . or Enter, or press ? or * to list all spells.
Flames lash the boulder beetle but do no damage.
The boulder beetle is no longer more vulnerable to fire.
The boulder beetle hits you!!!
Ouch! That really hurt!
You die...

#........# #.##.##
#.#####..# #.##.##
#.#####..# #.#..##
#.##.....# #.#.###
#.##.##.#############.#.###
#.##.#....>..#.............
#............#.############
#............#.##
#.##.#.°SB@.÷...# #.
#......(....## #
###.......### .......(..#
###.......# #########


You could see a boulder beetle (rolling, poisoned, ally target) and a friendly
water moccasin (summoned).

Vanquished Creatures
  Pikel (D:6)
  Maggie (D:7)
  Sigmund (D:2)
  An acid dragon (D:8)
  An orc warrior (D:5)
  3 black bears
  2 ice beasts
  2 centaurs
  2 ogres (D:5)
  3 phantoms
  A bullfrog (D:7)
  3 necrophages
  4 scorpions (D:5)
  An orc priest (D:5)
  4 hounds
  4 jellies
  Jessica (D:2)
  Natasha (thrice) (D:2)
  An orc wizard (D:5)
  7 adders
  A shadow imp (D:8)
  A white imp (D:4)
  2 worms
  3 dart slugs
  17 orcs
  7 endoplasms
  2 giant cockroaches
  A goblin (D:4)
  8 hobgoblins
  2 jackals (D:1)
  6 kobolds
  A quokka (D:2)
  6 ball pythons
  3 bats
  3 frilled lizards
  5 rats
114 creatures vanquished.

Vanquished Creatures (collateral kills)
  A quokka (D:4)
  A ball python (D:4)
2 creatures vanquished.

Vanquished Creatures (others)
  19 foxfires
19 creatures vanquished.

Grand Total: 135 creatures vanquished

Notes
Turn   | Place    | Note
-------+----------+-------------------------------------------
     0 | D:1      | epen the Gnoll Cinder Acolyte began the quest for the Orb.
     0 | D:1      | Reached XP level 1. HP: 23/23 MP: 4/4
   260 | D:1      | Reached XP level 2. HP: 24/29 MP: 5/5
   263 | D:1      | Learned a level 2 spell: Scorch
  1436 | D:2      | Reached XP level 3. HP: 35/35 MP: 7/7
  1519 | D:2      | Noticed Sigmund
  1544 | D:2      | Killed Sigmund
  1545 | D:2      | Reached skill level 1 in Short Blades
  1545 | D:2      | Reached skill level 1 in Axes
  1545 | D:2      | Reached skill level 1 in Maces & Flails
  1545 | D:2      | Reached skill level 1 in Polearms
  1545 | D:2      | Reached skill level 1 in Staves
  1545 | D:2      | Reached skill level 1 in Slings
  1545 | D:2      | Reached skill level 1 in Bows
  1545 | D:2      | Reached skill level 1 in Crossbows
  1545 | D:2      | Reached skill level 1 in Throwing
  1545 | D:2      | Reached skill level 1 in Armour
  1545 | D:2      | Reached skill level 1 in Dodging
  1545 | D:2      | Reached skill level 1 in Stealth
  1545 | D:2      | Reached skill level 1 in Shields
  1545 | D:2      | Reached skill level 1 in Unarmed Combat
  1545 | D:2      | Reached skill level 1 in Conjurations
  1545 | D:2      | Reached skill level 1 in Hexes
  1545 | D:2      | Reached skill level 1 in Summonings
  1545 | D:2      | Reached skill level 1 in Necromancy
  1545 | D:2      | Reached skill level 1 in Translocations
  1545 | D:2      | Reached skill level 1 in Transmutations
  1545 | D:2      | Reached skill level 1 in Ice Magic
  1545 | D:2      | Reached skill level 1 in Air Magic
  1545 | D:2      | Reached skill level 1 in Earth Magic
  1545 | D:2      | Reached skill level 1 in Poison Magic
  1545 | D:2      | Reached skill level 1 in Invocations
  1545 | D:2      | Reached skill level 1 in Evocations
  1545 | D:2      | Reached XP level 4. HP: 36/41 MP: 8/8
  1545 | D:2      | Reached XP level 5. HP: 41/47 MP: 9/9
  1994 | D:2      | Noticed Jessica
  1994 | D:2      | Noticed Natasha
  2025 | D:2      | Killed Jessica
  2033 | D:2      | Reached XP level 6. HP: 53/53 MP: 6/10
  2105 | D:2      | Killed Natasha
  2327 | D:2      | Noticed Natasha
  2344 | D:2      | Killed Natasha
  2636 | D:2      | Found a faded altar of an unknown god.
  2696 | D:2      | Noticed Natasha
  2712 | D:2      | Killed Natasha
  3187 | D:3      | Found a hide-covered altar of Uskayaw.
  3300 | D:3      | Found a broken altar of Ashenzari.
  3545 | D:3      | Found a sacrificial altar of Ru.
  3545 | D:3      | Found a glowing silver altar of Zin.
  3647 | D:4      | Noticed a black bear
  3659 | D:4      | Killed a black bear
  3660 | D:4      | Reached XP level 7. HP: 8/59 MP: 12/12
  4699 | D:5      | Entered Level 5 of the Dungeon
  5077 | D:5      | Reached XP level 8. HP: 6/67 MP: 1/14
  5485 | D:5      | Identified the +0 robe "Hurhom" {rCorr Int+6 Slay-2}
  6356 | D:5      | Found a bloodstained altar of Trog.
  6356 | D:5      | Identified the +0 robe of the Shore {Drain rN+ Will+
                  | Archmagi}
  6408 | D:5      | Found Xirewot's Assorted Antiques.
  6464 | D:6      | Noticed Pikel
  6497 | D:6      | Killed Pikel
  6498 | D:6      | Reached XP level 9. HP: 40/73 MP: 11/16
  6741 | D:6      | You fall into a shaft and drop 2 floors!
  6756 | D:8      | Reached skill level 5 in Spellcasting
  7024 | D:8      | Found a staircase to the Lair.
  7903 | D:7      | Noticed Maggie
  7922 | D:7      | Killed Maggie
  8091 | D:7      | Found a staircase to the Ecumenical Temple.
  8097 | D:7      | Reached skill level 5 in Invocations
  8706 | D:7      | Noticed a boulder beetle
  9067 | D:7      | Annihilated by a boulder beetle

Illustrated notes

Levels and vault maps discovered:
D:1:      lemuel_arrival_tunnels, layout_loops_corners,
          chequers_serial_rivers_small_3, chequers_serial_rivers_small_3,
          minmay_misc_feat_plants
D:2:      layout_loops_ring, nicolae_ecumenical_lake_church, uniq_sigmund,
          uniq_jessica, uniq_natasha
D:3:      layout_basic, mainiacjoe_overflow_concentric_impassable,
          nicolae_uskayaw_dance_hall, gammafunk_temple_overflow_statue
D:4:      layout_loops_ring, kennysheep_nondescript
D:5:      layout_rooms, lemuel_coloured_pillars_altar, serial_shops,
          kennysheep_little_box, guppyfry_early_orc_mine
D:6:      layout_loops_cross, uniq_pikel
D:7:      layout_loops_cross, minmay_temple_entry_fiery, minmay_microvault,
          uniq_maggie
D:8:      layout_rooms, lemuel_zombie_altar_kikubaaqudgha, fiery_altar_vehumet,
          lair_entry_dummy, serial_shops, shop, gammafunk_ghost_nasty_kobolds,
          minmay_manual_mares

Skill      XL: |  1  2  3  4  5  6  7  8  9 |
---------------+----------------------------+-----
Short Blades   | 1 2 3 4 |  4.7
Axes           | 1 2 3 4 |  4.7
Maces & Flails | 1 2 3 4 |  4.7
Polearms       | 1 2 3 4 |  4.7
Staves         | 1 2 3 4 |  4.7
Slings         | 1 2 3 4 |  4.7
Bows           | 1 2 3 4 |  4.7
Crossbows      | 1 2 3 4 |  4.7
Throwing       | 1 2 3 4 |  4.7
Armour         | 1 2 3 4 |  4.7
Dodging        | 1 2 3 4 |  4.7
Stealth        | 1 2 3 4 |  4.7
Shields        | 1 2 3 4 |  4.7
Unarmed Combat | 1 2 3 4 |  4.7
Spellcasting   | 3 4 5 |  5.5
Conjurations   | 1 2 3 |  3.9
Hexes          | 1 2 3 |  3.9
Summonings     | 1 2 3 |  3.9
Necromancy     | 1 2 3 |  3.9
Translocations | 1 2 3 |  3.9
Transmutations | 1 2 3 |  3.9
Ice Magic      | 1 2 3 |  3.9
Air Magic      | 1 2 3 |  3.9
Earth Magic    | 1 2 3 |  3.9
Poison Magic   | 1 2 3 |  3.9
Invocations    | 1 2 3 4 5 |  5.1
Evocations     | 1 2 3 4 |  4.7
Fighting       | 7 8 |  8.1
Long Blades    | 7 8 |  8.1
Fire Magic     | 6 |  6.8

Action                   |  1- 3 |  4- 6 |  7- 9 || total
-------------------------+-------+-------+-------++-------
Melee: Falchion          |    72 |    27 |       ||    99
       Bite              |     3 |    12 |    29 ||    44
       Punch             |     1 |     3 |    10 ||    14
       Dagger            |       |    90 |   319 ||   409
 Cast: Scorch            |       |     5 |    79 ||    84
Invok: Fiery Armour      |     1 |     2 |     5 ||     8
       Foxfire Swarm     |       |       |     3 ||     3
       Rising Flame      |       |       |     1 ||     1
  Use: Scroll            |       |     6 |    10 ||    16
       Potion            |       |       |     3 ||     3
 Stab: Sleeping          |       |     1 |     5 ||     6
Armor: Robe              |    12 |    13 |    18 ||    43
       Steam dragon scal |       |       |    18 ||    18
Dodge: Dodged            |    50 |    67 |   192 ||   309

Table legend: (Time is in decaauts)
 A = Elapsed time spent in this place.
 B = Non-inter-level travel time spent in this place.
 C = Inter-level travel time spent in this place.
 D = Time resting spent in this place.
 E = Time spent auto-exploring this place.
 F = Levels seen in this place.
 G = Mean time per level.
                   A        B        C        D        E       F      G
               +--------+--------+--------+--------+--------+-----+--------+
         Total |   8913 |   8715 |    198 |   1892 |   5721 |   8 | 1114.1 |
       Dungeon |   8913 |   8715 |    198 |   1892 |   5721 |   8 | 1114.1 |
               +--------+--------+--------+--------+--------+-----+--------+

Top non-repeatable levels by time:
     D:2: 1596 daAuts
     D:1: 1435 daAuts
     D:4: 1386 daAuts
     D:5: 1362 daAuts
     D:6: 1218 daAuts
     D:7: 1042 daAuts
     D:3: 584 daAuts
     D:8: 288 daAuts
